 Dungeon Crawl Stone Soup version 0.31-a0-187-gba352fbbf7 (webtiles) character file.

Game seed: 9671341940880260407

1008 qw the Skirmisher (level 8, -14/45 HPs)
             Began as a Deep Elf Hunter on June 22, 2023.
             Was an Initiate of Okawaru.
             Demolished by an orc warrior
             ... wielding a +0 war axe
              (17 damage)
             ... on level 6 of the Dungeon.
             The game lasted 00:01:49 (5117 turns).

qw the Skirmisher (Deep Elf Hunter)                 Turns: 5117, Time: 00:01:50

Health: -14/45     AC:  7    Str: 10    XL:     8   Next: 1%
Magic:  10/10      EV: 12    Int: 15    God:    Okawaru [......]
Gold:   12         SH:  0    Dex: 18    Spells: 7/7 levels left

rFire   . . .        Y - +4 shortbow
rCold   + . .        (shield currently unavailable)
rNeg    . . .        b - +0 ring mail
rPois   .            c - +0 helmet
rElec   .            (no cloak)
rCorr   .            i - +0 pair of gloves
SInv    .            (no boots)
Will    .....        (no amulet)
Stlth   +            g - ring of protection from cold
HPRegen 0.27/turn    (no ring)
MPRegen 0.12/turn

%: no passive effects
@: no status effects
A: no striking features
a: Renounce Religion


You were on level 6 of the Dungeon.
You worshipped Okawaru.
Okawaru was noncommittal.
You visited 2 branches of the dungeon, and saw 7 of its levels.

You collected 236 gold pieces.
You spent 224 gold pieces at shops.


   Skills:
 + Level 2.4 Fighting
 - Level 12.1 Ranged Weapons
 - Level 1.1 Armour
 - Level 3.9 Dodging
 - Level 1.2 Stealth


You had 7 spell levels left.
You didn't know any spells.
Your spell library was empty.

Inventory:

Hand Weapons
 Y - a +4 shortbow (weapon)
Armour
 b - a +0 ring mail (worn)
 c - a +0 helmet (worn)
 i - a +0 pair of gloves (worn)
Jewellery
 g - a ring of protection from cold (left hand)
Scrolls
 a - 4 scrolls of identify
Potions
 d - a potion of resistance
 e - 3 potions of cancellation
 f - 2 potions of might
 l - a potion of haste

Dungeon Overview and Level Annotations

Branches:
Dungeon (6/15)             Temple (1/1) D:6

Altars:
Ashenzari
Cheibriados
Dithmenos
Elyvilon
Fedhas
Gozag
Hepliaklqana
Kikubaaqudgha
Makhleb
Nemelex Xobeh
Okawaru
Qazlal
Ru
Sif Muna
Trog
Uskayaw
Wu Jian
Xom
Yredelemnul
Zin
The Shining One

Shops:
D:3 (   D:6 [


Message History

You finish putting on your +0 helmet.
You shoot an arrow. The arrow hits the orc priest.
The orc priest is moderately wounded.
You shoot an arrow. The arrow hits the orc!
You kill the orc!
Okawaru accepts your kill.
5107 ||| DROPPING +0 robe "Bakhlodon" {Dex+2}.
You drop the +0 robe "Bakhlodon" {Dex+2}.
You shoot an arrow. The arrow barely misses the orc priest.
You shoot an arrow. The arrow hits the orc warrior!
The orc warrior is moderately wounded.
You shoot an arrow. The arrow hits the orc warrior.
The orc warrior is heavily wounded.
You shoot an arrow. The arrow hits the orc warrior.
The orc warrior is severely wounded.
You shoot an arrow. The arrow hits the orc warrior.
The orc warrior is almost dead.
The orc warrior hits you with a +0 war axe!
The orc priest barely misses you.
You shoot an arrow.
The arrow closely misses the orc warrior.
The orc warrior hits you with a +0 war axe!
The orc priest calls upon Beogh to heal the orc warrior.
The orc warrior is healed somewhat.
You shoot an arrow. The arrow hits the orc warrior.
The orc warrior is almost dead.
The orc warrior hits you with a +0 war axe.
The orc priest hits you but does no damage.
You shoot an arrow. The arrow hits the orc warrior.
The orc warrior is almost dead.
The orc warrior hits you with a +0 war axe!
The orc priest mumbles some strange prayers to Beogh against you.
Pain shoots through your body!
You shoot an arrow.
The arrow barely misses the orc warrior.
The orc warrior misses you. The orc priest hits you with a +0 club.
You shoot an arrow.
The arrow barely misses the orc warrior.
The orc warrior hits you with a +0 war axe!
You die...

.####### *,,,*,,,*
..%....####.8,,._.*
.####.....#..,*...*
.# #..####*)######
.####..####,,.#.8.#
.#........#8,,....#
....#..##.#,,,*...*
...##..##.######o#*
...##..........o@#
.....>.##.########
.########.# .# #.#
.# #.# '## #.# ..##
#.# ...## #.##
....## #..##


You could see an orc warrior and an orc priest.

Vanquished Creatures
  Edmund (D:4)
  An ice beast (D:5)
  2 black bears (D:6)
  A scorpion (D:6)
  A howler monkey (D:5)
  3 hounds
  2 jellies
  An iguana (D:5)
  2 sleepcaps
  2 orc wizards
  4 gnolls (D:5)
  7 adders
  4 ufetubi
  2 worms
  2 dart slugs (D:1)
  17 orcs
  6 ball pythons
  4 bats
  5 endoplasms
  5 giant cockroaches
  10 goblins
  4 hobgoblins
  4 jackals (D:1)
  4 kobolds (D:2)
  10 quokkas
  3 frilled lizards
  3 rats
  A butterfly (D:6)
111 creatures vanquished.

Notes
Turn   | Place    | Note
-------+----------+-------------------------------------------
     0 | D:1      | qw the Deep Elf Hunter began the quest for the Orb.
     0 | D:1      | Reached XP level 1. HP: 12/12 MP: 3/3
     0 | D:1      | 0 ||| qw: Version: 0.3-a-9-g12657ce
     0 | D:1      | 0 ||| qw: Game counter: 2337
     0 | D:1      | 0 ||| qw: Always use a shield: true
     0 | D:1      | 0 ||| qw: God list: Okawaru
     0 | D:1      | 0 ||| qw: Allow faded altars: false
     0 | D:1      | 0 ||| qw: Do Orc after D:15 true
     0 | D:1      | 0 ||| qw: Do second Lair branch before Depths: true
     0 | D:1      | 0 ||| qw: Lair rune preference: random
     0 | D:1      | 0 ||| qw: Plans: Normal
     0 | D:1      | 0 ||| PLANNING D:1-11
    58 | D:1      | Reached XP level 2. HP: 16/16 MP: 4/4
    60 | D:1      | Reached skill level 6 in Ranged Weapons
   516 | D:1      | 516 ||| READING 3 scrolls labelled POBBUMNEJEO.
   517 | D:1      | 517 ||| READING scroll labelled GUMONI EJOWO.
   518 | D:1      | 518 ||| READING scroll labelled TIDYLO JEUNN.
   519 | D:1      | 519 ||| READING scroll labelled OMMEIQ OL EK JID.
   520 | D:1      | 520 ||| READING 2 scrolls of identify.
   520 | D:1      | 520 ||| IDENTIFYING viscous black potion
   521 | D:1      | 521 ||| DROPPING scroll of butterflies.
   523 | D:1      | 523 ||| Stepping ~*~*~tactically~*~*~ (cloud).
   528 | D:1      | HP: 4/16 [poisoned by you (poison gas)]
   531 | D:1      | HP: 1/16 [poisoned by you (poison gas)]
   614 | D:2      | Reached XP level 3. HP: 20/20 MP: 5/5
   840 | D:2      | Reached skill level 7 in Ranged Weapons
  1141 | D:2      | Reached XP level 4. HP: 25/25 MP: 6/6
  1217 | D:2      | 1217 ||| READING scroll labelled OBBEIV GIHIAVI.
  1262 | D:2      | 1262 ||| READING scroll labelled HUM NAMAKHO.
  1263 | D:2      | 1263 ||| READING scroll labelled GIVVAU DIURPHI.
  1264 | D:2      | 1264 ||| DRINKING 2 viscous brown potions.
  1302 | D:3      | 1302 ||| READING scroll of enchant weapon.
  1302 | D:3      | 1302 ||| ENCHANTING +1 shortbow.
  1401 | D:3      | 1401 ||| Stepping ~*~*~tactically~*~*~ (outnumbered).
  1410 | D:3      | HP: 5/25 [orc/+0 dagger (2)]
  1411 | D:3      | 1411 ||| DRINKING potion of heal wounds.
  1422 | D:3      | HP: 2/25 [something/puff of flame (7)]
  1425 | D:3      | Reached skill level 8 in Ranged Weapons
  1457 | D:3      | 1457 ||| FLEEEEING.
  1458 | D:3      | 1458 ||| FLEEEEING.
  1460 | D:3      | 1460 ||| STAIRDANCE
  1523 | D:2      | 1523 ||| READING 2 scrolls of identify.
  1523 | D:2      | 1523 ||| IDENTIFYING lumpy white potion
  1530 | D:3      | 1530 ||| READING scroll of enchant weapon.
  1530 | D:3      | 1530 ||| ENCHANTING +2 shortbow.
  1653 | D:3      | 1653 ||| READING scroll of enchant weapon.
  1653 | D:3      | 1653 ||| ENCHANTING +3 shortbow.
  1776 | D:3      | Found Masmes's Weapon Emporium.
  1979 | D:3      | Found a sparkling altar of Nemelex Xobeh.
  2041 | D:3      | 2041 ||| UPGRADING to +0 ring mail.
  2051 | D:3      | 2051 ||| DROPPING +0 leather armour.
  2052 | D:3      | 2052 ||| UPGRADING to +0 pair of gloves.
  2057 | D:3      | 2057 ||| DROPPING amulet of magic regeneration.
  2058 | D:3      | 2058 ||| READING 2 scrolls of identify.
  2058 | D:3      | 2058 ||| IDENTIFYING cyan potion
  2059 | D:3      | 2059 ||| DROPPING potion of berserk rage.
  2078 | D:4      | 2078 ||| PLANNING SEWER
  2090 | D:4      | Reached XP level 5. HP: 22/29 MP: 7/7
  2144 | D:4      | Noticed Edmund
  2149 | D:4      | HP: 6/29 [Edmund/+5 heavy flail (11)]
  2150 | D:4      | 2150 ||| DRINKING 2 potions of heal wounds.
  2156 | D:4      | HP: 2/29 [Edmund/+5 heavy flail (7)]
  2157 | D:4      | 2157 ||| DRINKING potion of heal wounds.
  2162 | D:4      | Killed Edmund
  2163 | D:4      | Reached skill level 9 in Ranged Weapons
  2163 | D:4      | Reached XP level 6. HP: 28/34 MP: 8/8
  2315 | D:4      | 2315 ||| FLEEEEING.
  2710 | D:4      | 2710 ||| RIP SEWER
  2744 | D:4      | 2744 ||| PLANNING D:1-11
  2952 | D:4      | 2952 ||| Stepping ~*~*~tactically~*~*~ (water).
  2961 | D:4      | 2961 ||| READING scroll labelled ALYUQAOQOY.
  2962 | D:4      | 2962 ||| DRINKING 2 fizzy red potions.
  2999 | D:4      | 2999 ||| READING 5 scrolls of identify.
  2999 | D:4      | 2999 ||| IDENTIFYING viscous white potion
  3000 | D:4      | 3000 ||| READING 4 scrolls of identify.
  3000 | D:4      | 3000 ||| IDENTIFYING amethyst potion
  3001 | D:4      | 3001 ||| READING 3 scrolls of identify.
  3001 | D:4      | 3001 ||| IDENTIFYING bubbling green potion
  3002 | D:4      | 3002 ||| DROPPING potion of invisibility.
  3003 | D:4      | 3003 ||| DROPPING potion of lignification.
  3004 | D:4      | 3004 ||| DROPPING potion of magic.
  3027 | D:5      | Entered Level 5 of the Dungeon
  3114 | D:5      | Reached skill level 10 in Ranged Weapons
  3177 | D:5      | Noticed an ice beast
  3189 | D:5      | Killed an ice beast
  3190 | D:5      | Reached skill level 3 in Dodging
  3299 | D:5      | Reached XP level 7. HP: 40/40 MP: 9/9
  3333 | D:5      | Found an ancient bone altar of Kikubaaqudgha.
  3344 | D:5      | Reached skill level 1 in Armour
  3387 | D:5      | Found a glowing silver altar of Zin.
  3387 | D:5      | Found an opulent altar of Gozag.
  3387 | D:5      | Found a broken altar of Ashenzari.
  3959 | D:5      | 3959 ||| UPGRADING to ring of protection from cold.
  3960 | D:5      | 3960 ||| READING 5 scrolls of identify.
  3960 | D:5      | 3960 ||| IDENTIFYING pink potion
  3961 | D:5      | 3961 ||| READING 4 scrolls of identify.
  3961 | D:5      | 3961 ||| IDENTIFYING metallic orange potion
  3962 | D:5      | 3962 ||| DROPPING potion of degeneration.
  4063 | D:6      | Reached skill level 11 in Ranged Weapons
  4344 | D:6      | Found a staircase to the Ecumenical Temple.
  4345 | D:6      | 4345 ||| PLANNING TEMPLE
  4345 | D:6      | 4345 ||| READING scroll labelled UDORCH OXIR OCA.
  4354 | Temple   | Entered the Ecumenical Temple
  4357 | Temple   | 4357 ||| PLANNING OKAWARU WORSHIP
  4521 | Temple   | Became a worshipper of Warmaster Okawaru
  4522 | Temple   | 4522 ||| PLANNING D:1-11
  4611 | D:6      | Reached skill level 12 in Ranged Weapons
  4800 | D:6      | Reached XP level 8. HP: 25/45 MP: 10/10
  4889 | D:6      | Found Xuunewoa's Antique Armour Shoppe.
  4897 | D:6      | 4897 ||| SHOPLISTING +4 skin of Zhor {*Englaciate rC+++
                  | SInv} (1463 gold, have 236).
  4897 | D:6      | 4897 ||| BUYING helmet (99 gold).
  4897 | D:6      | Bought a helmet for 99 gold pieces
  4897 | D:6      | 4897 ||| SHOPLISTING pair of glowing boots (165 gold, have
                  | 137).
  4897 | D:6      | 4897 ||| SHOPLISTING runed scarf (176 gold, have 137).
  4897 | D:6      | 4897 ||| BUYING tattered robe (125 gold).
  4897 | D:6      | Bought a tattered robe for 125 gold pieces
  4897 | D:6      | Identified the +0 robe "Bakhlodon" {Dex+2} (You bought it
                  | in a shop on level 6 of the Dungeon)
  5099 | D:6      | Found an ornate altar of the Wu Jian Council.
  5100 | D:6      | 5100 ||| UPGRADING to +0 helmet.
  5107 | D:6      | 5107 ||| DROPPING +0 robe "Bakhlodon" {Dex+2}.
  5115 | D:6      | HP: 4/45 [orc priest/nerve-wracking pain (12)]
  5117 | D:6      | Demolished by an orc warrior

Levels and vault maps discovered:
D:1:      dpeg_arrival_more_subterranean_lakeside_camping, layout_rooms
D:2:      layout_loops_ring, minmay_pentomino_w4
D:3:      layout_loops_ring, nicolae_overflow_crystal_walls, serial_shops,
          nicolae_lakefront_shop
D:4:      layout_loops_ring, gup_sewer_entry_pipe, dreamdust_princess_bridge,
          uniq_edmund
D:5:      layout_cave_pods, kiku_gazebo_pond_becter,
          gammafunk_temple_overflow_forgotten, grunt_ministairs_5
D:6:      layout_loops_corners, nicolae_wu_jian_immortal_techniques,
          minmay_temple_entry_butterflies, serial_shops, shop
Temple:   bh_familiar_temple

Skill      XL: |  1  2  3  4  5  6  7 |
---------------+----------------------+-----
Ranged Weapons | 6 7 8 9 10 12 | 12.1
Fighting       | 2 |  2.4
Dodging        | 3 |  3.9
Armour         | 1 |  1.1
Stealth        | |  1.2

Action                     |  1- 3 |  4- 6 |  7- 9 || total
---------------------------+-------+-------+-------++-------
   Fire: Shortbow          |   120 |   152 |    84 ||   356
    Use: Scroll            |     5 |    12 |     3 ||    20
         Potion            |       |     5 |       ||     5
 Armour: Leather armour    |     7 |     5 |       ||    12
         Ring mail         |       |    12 |    15 ||    27
  Dodge: Dodged            |    33 |    20 |    17 ||    70

Table legend:
 A = Non-vault XP
 B = Vault XP
 C = Vault XP percentage of total XP
 D = Non-vault monster count
 E = Vault monster count
 F = Vault count percentage of total count
                 A         B        C        D         E       F
            +---------+---------+-------+---------+---------+-------
      Total |    1183 |     258 |  17.9 |      93 |      17 |  15.5
            +---------+---------+-------+---------+---------+-------
        D:1 |      40 |       0 |   0.0 |      20 |       0 |   0.0
        D:2 |      38 |      24 |  38.7 |      15 |       7 |  31.8
        D:3 |      91 |       0 |   0.0 |      20 |       0 |   0.0
        D:4 |     151 |     176 |  53.8 |      15 |       8 |  34.8
        D:5 |     421 |      58 |  12.1 |      15 |       2 |  11.8
        D:6 |     442 |       0 |   0.0 |       8 |       0 |   0.0
            +---------+---------+-------+---------+---------+-------
